[Event "Yingmei Cup CHN-chT 2017"]
[Site "Guangdong"]
[Date "2017.12.03"]
[Round "20"]
[White "Zhang, Xiaowen"]
[Black "Wang, Jue"]
[Result "1/2-1/2"]
[ECO "C48"]
[WhiteElo "2328"]
[BlackElo "2352"]
[Annotator "NA"]
[PlyCount "71"]
[EventDate "2017.??.??"]
[EventCountry "CHN"]
[SourceTitle "playchess.com"]
[Source "ChessBase"]
[SourceQuality "1"]
[TimeControl "5400+30"]

1. e4 e5 2. Nf3 Nc6 3. Nc3 Nf6 4. Bb5 Bc5 5. O-O O-O 6. d3 Re8 {C48: Four Knights: 4 Bb5, replies other than 4...Bb4} (6... Nd4 7. Nxe5 d6 8. Nf3 Bg4 9. Be3 c6 10. Bxd4 Bxd4 11. Bc4 Nd7 12. h3 Bxf3 13. Qxf3 Qa5 14. Qf4 {1-0 (92) Mamedov,R (2678)-Melkumyan,H (2642) Heraklio 2017}) 7. Bg5 a6 8. Ba4 h6 9. Bh4 b5 10. Bb3 Be7 11. Bg3 $146 ({Predecessor:} 11. a4 b4 12. Bxf6 Bxf6 {½-½ (25) Faibisovich,V (2372)-Kuljasevic,D (2564) Rethymno 2012}) 11... d6 12. a4 Rb8 13. axb5 axb5 14. Nd5 Nxd5 15. Bxd5 Nb4 16. Bb3 c5 17. c3 Nxd3 18. Qxd3 (18. Bxf7+ $11 {keeps the balance.} Kxf7 19. Qxd3) 18... c4 19. Bxc4 bxc4 20. Qxc4 Rxb2 21. Ra8 Qd7 22. Ne1 Bb7 (22... Rd8 $17 23. Nd3 Qb7) 23. Rxe8+ Qxe8 24. Nd3 Rb5 25. f3 Qc6 26. Qa4 Bg5 27. Bf2 Rb6 28. Qa7 $15 Rb3 29. h4 Bd2 30. Nb4 Qxc3 31. Qxb7 Rxb4 32. Qa8+ Kh7 33. Qd5 Kg8 34. Qa8+ Kh7 35. Qd5 Kg8 36. Qa8+ 1/2-1/2

[Event "Yingmei Cup CHN-chT 2017"]
[Site "Guangdong"]
[Date "2017.12.03"]
[Round "20"]
[White "Sun, Fanghui"]
[Black "Gu, Tianlu"]
[Result "1-0"]
[ECO "B22"]
[WhiteElo "2126"]
[BlackElo "2187"]
[Annotator "NA"]
[PlyCount "119"]
[EventDate "2017.??.??"]
[EventCountry "CHN"]
[SourceTitle "playchess.com"]
[Source "ChessBase"]
[SourceQuality "1"]
[TimeControl "5400+30"]

1. e4 c5 2. c3 Nf6 3. e5 Nd5 4. d4 cxd4 5. Nf3 Nc6 6. cxd4 {LiveBook: 2292 Games} d6 7. Bc4 dxe5 8. dxe5 Ndb4 9. Qb3 e6 {B22: Sicilian: 2 c3} 10. Bg5 (10. O-O Na5 11. Bb5+ Bd7 12. Qa4 Bxb5 13. Qxb5+ Nac6 14. Nc3 a6 15. Qe2 Qd3 16. Rd1 Qxe2 17. Nxe2 {0-1 (44) Paichadze,L (2556)-Kasimdzhanov,R (2712) Nakhchivan 2015}) 10... Qa5 $146 ({Predecessor:} 10... Qd7 11. Bb5 a6 12. Be2 h6 13. Bd2 b5 14. O-O Bb7 15. a3 Nd5 16. Nc3 Na5 17. Qd1 {0-1 (39) Santos,J (2193)-Perunovic,M (2604) Lisbon 2017}) 11. O-O Nxe5 12. Nxe5 Qxe5 13. Bd2 Nc6 14. Re1 Qc7 15. Nc3 Be7 16. Nb5 Qb8 17. Re4 O-O $1 18. Rae1 (18. Bc3 $11 {remains equal.}) 18... a6 19. Bf4 e5 $2 (19... axb5 $17 {stays on course.} 20. Bxb8 bxc4 21. Rxc4 Nxb8) 20. Bxe5 Nxe5 $18 21. Rxe5 Bd7 22. Rxe7 Bxb5 23. Bxf7+ Kh8 24. Qe3 Qd6 25. Qg5 Qd4 26. h3 Rac8 27. Qe3 Qxb2 28. Rxb7 Qf6 29. Qe7 Qd4 30. Qe3 Qf6 31. Qe7 Qd4 32. Qe5 Qxe5 33. Rxe5 Rb8 34. Ra7 Ra8 35. Ree7 Rxa7 36. Rxa7 Bd3 37. Bd5 h6 38. Ra8 Rxa8 39. Bxa8 Kg8 40. f4 Kf7 41. Kf2 Kf6 42. Ke3 Bf1 43. h4 Kf5 44. Kf3 Bd3 45. Bb7 Kf6 46. Ke3 Bf1 47. g3 Kf5 48. Bc8+ Kf6 49. Kd4 Ke7 50. Kc5 Kd8 51. Be6 a5 52. Bc4 Bg2 53. Kb5 Ke7 54. Kxa5 Kf6 55. Bb5 Bd5 56. a4 Kf5 57. Bd7+ Ke4 58. Kb6 Ke3 59. a5 Kf2 60. a6 1-0

[Event "Yingmei Cup CHN-chT 2017"]
[Site "Guangdong"]
[Date "2017.12.04"]
[Round "21"]
[White "Lan, Zilun"]
[Black "Zhang, Ziji"]
[Result "0-1"]
[ECO "D02"]
[WhiteElo "2361"]
[BlackElo "2387"]
[Annotator "NA RC"]
[PlyCount "72"]
[EventDate "2017.??.??"]
[EventCountry "CHN"]
[SourceTitle "playchess.com"]
[Source "ChessBase"]
[SourceQuality "1"]
[TimeControl "5400+30"]

1. d4 d5 2. Nf3 Nf6 3. Bf4 c5 4. c3 Nc6 5. e3 Qb6 6. Qb3 c4 7. Qc2 Bf5 8. Qc1 h6 9. Nbd2 e6 {D02: 1 d4 d5 2 Nf3 sidelines, including 2...Nf6 3 g3 and 2...Nf6 3 Bf4} 10. b3 (10. Be2 Be7 11. b3 cxb3 12. axb3 O-O 13. O-O Rfc8 14. Qb2 a5 15. Ra4 Qd8 16. Rfa1 Ne8 17. h3 {½-½ (51) Yu,Y (2747)-Maze,S (2591) Gibraltar 2016}) 10... Qa5 11. b4 $146 ({Predecessor:} 11. a4 cxb3 12. Nxb3 Qd8 13. a5 a6 14. Be2 Be7 15. O-O O-O 16. Nfd2 Rc8 17. Qb2 {1-0 (49) Gumularz,S (2391)-Hirneise,T (2466) Krakow 2017}) 11... Bxb4 12. cxb4 Nxb4 13. Be2 Nc2+ 14. Kf1 Nxa1 15. Qxa1 O-O 16. h3 Ne4 17. Nxe4 Bxe4 18. Kg1 Rfc8 19. Kh2 c3 20. Rc1 Qb4 21. Ne1 Qb2 22. Bd3 Rc6 23. f3 Bxd3 24. Nxd3 Qxa1 25. Rxa1 c2 26. Rc1 Rac8 27. Kg3 Rc3 28. Ne1 Ra3 29. Kf2 Rxa2 30. Ke2 b5 31. Bd6 $19 a5 32. Nd3 b4 33. Bxb4 axb4 34. Nxb4 Rb2 35. Nd3 Rb1 36. Kd2 Rxc1 0-1